 Dungeon Crawl Stone Soup version 0.24.0-1-gfbc8707122 (webtiles) character file.

Game seed: 1218999546341365040, levelgen mode: deterministic

205 drjones the Skirmisher (level 5, -8/34 HPs)
             Began as a Gargoyle Fighter on Oct 26, 2019.
             Mangled by a sun demon (13 damage)
             ... on level 1 of the Abyss.
             The game lasted 00:08:01 (2469 turns).

drjones the Skirmisher (Gargoyle Fighter)           Turns: 2469, Time: 00:08:01

Health: -8/34      AC: 13    Str: 21    XL:     5   Next: 83%
Magic:  5/5        EV:  7    Int:  8    God:
Gold:   161        SH:  9    Dex:  9    Spells: 4/4 levels left

rFire    . . .     SeeInvis +   a - +1 flail
rCold    . . .     Gourm    .   c - +0 shield
rNeg     + . .     Faith    .   b - +0 scale mail
rPois    ∞         Spirit   .   (no helmet)
rElec    +         Reflect  .   v - +0 cloak
rCorr    .         Harm     .   w - +0 pair of gloves
MR       .....                  (no boots)
Stlth    ..........             (no amulet)
HPRegen  0.11/turn              l - ring of see invisible
MPRegen  0.09/turn              (no ring)

@: no status effects
A: negative energy resistance 1, electricity resistance, unbreathing,
petrification resistance, rot immunity, AC +4
a: no special abilities


You were on level 1 of the Abyss.
You were hungry.

You visited 1 branch of the dungeon, and saw 3 of its levels.
You visited the Abyss 1 time.

You collected 161 gold pieces.

Inventory:

Hand Weapons
 a - a +1 flail (weapon)
 y - the +6 hand axe "Meallu" {freeze, MR- Int+3, unknown}
   (You found it on level 1 of the Abyss)

   It has been specially enchanted to freeze those struck by it, causing extra
   injury to most foes and up to half again as much damage against particularly
   susceptible opponents.
   It can also slow down cold-blooded creatures.
   It affects your intelligence (+3).
   It affects your resistance to hostile enchantments.
Missiles
 n - 5 curare-tipped darts (quivered)
 q - 48 sling bullets
 u - 10 poisoned darts
Armour
 b - a +0 scale mail (worn)
 c - a +0 shield (worn)
 v - a +0 cloak (worn)
 w - a +0 pair of gloves (worn)
Jewellery
 l - a ring of see invisible (left hand)
Scrolls
 i - 2 scrolls of teleportation
 j - 3 scrolls of remove curse
 t - a scroll of blinking
Potions
 d - a potion of might
 e - a potion of lignification {unknown}
 h - 2 potions of brilliance {unknown}
 k - a potion of haste {unknown}
 m - a potion of degeneration {unknown}
 o - a potion of agility {unknown}
 p - a potion of ambrosia {unknown}
 r - a potion of curing {unknown}
 s - 2 potions of cancellation
 x - a potion of invisibility {unknown}
Comestibles
 f - 5 rations
 g - 3 chunks of flesh


   Skills:
 + Level 4.6 Fighting
 * Level 4.5 Maces & Flails
 - Level 3.7 Armour
 - Level 3.6 Shields


You had 4 spell levels left.
You didn't know any spells.
Your spell library was empty.

Dungeon Overview and Level Annotations

Branches:
Dungeon (3/15)

Altars:


Innate Abilities, Weirdness & Mutations

You are resistant to torment.
Your stone body is resilient. (AC +4)
You are immune to poison.
You resist negative energy. (rN+)
You are resistant to electric shocks. (rElec)
You can survive without breathing.
You are immune to petrification.
You are immune to rotting.


Message History

Moving in this stuff is going to be slow.
A sun demon comes into view.
The sun demon shouts!
You block the sun demon's attack.
A fire bat comes into view.
You block the sun demon's attack.
You sock the sun demon!
The sun demon is lightly wounded.
The fire bat closely misses you.
The fire bat bites you but does no damage.
You block the sun demon's attack. You block the fire bat's attack.
You miss the sun demon.
The sun demon is lightly wounded.
The fire bat closely misses you. The sun demon hits you!
You are engulfed in flames!
* * * LOW HITPOINT WARNING * * *
The sun demon hits you.
* * * LOW HITPOINT WARNING * * *
You are engulfed in flames!
You die...

...#.## # .#...#.
≈≈≈≈≈≈≈#..##........#
≈≈≈≈≈≈≈≈≈≈≈#.#.##.#.#
#≈≈≈≈≈≈≈≈≈≈♣≈≈##.#...
.##..≈≈♣≈≈≈♣≈≈≈≈≈≈...
#.#..#.≈≈≈≈≈≈≈≈≈≈≈≈
#.#.#.......≈≈≈≈≈≈≈
...##.#..#.3#..#≈≈≈
.... #..###@b# .#
###.... #..# ## # ##
#.## #.. .. ... ..
#.. #..# ..#. ..##


You could see a sun demon and a fire bat.

Vanquished Creatures
  Natasha (twice) (D:2)
  6 adders
  An ooze (D:3)
  3 worms
  A dart slug (D:2)
  5 leopard geckos
  3 orcs (D:3)
  3 giant cockroaches
  8 goblins
  9 hobgoblins
  3 jackals (D:1)
  10 kobolds
  A quokka (D:2)
  10 bats
  6 frilled lizards
  9 rats
80 creatures vanquished.

Vanquished Creatures (others)
  4 toadstools (D:1)
4 creatures vanquished.

Grand Total: 84 creatures vanquished

Notes
Turn   | Place    | Note
-------+----------+-------------------------------------------
     0 | D:1      | drjones the Gargoyle Fighter began the quest for the Orb.
     0 | D:1      | Reached XP level 1. HP: 14/14 MP: 1/1
    88 | D:1      | Reached XP level 2. HP: 18/19 MP: 2/2
   535 | D:1      | Reached XP level 3. HP: 21/23 MP: 3/3
  1214 | D:2      | Noticed Natasha
  1232 | D:2      | Killed Natasha
  1232 | D:2      | Reached XP level 4. HP: 19/29 MP: 4/4
  1736 | D:2      | Noticed Natasha
  1747 | D:2      | Killed Natasha
  1747 | D:2      | Reached XP level 5. HP: 26/33 MP: 5/5
  2420 | D:3      | Cast into level 1 of the Abyss (orc)
  2423 | Abyss:1  | Got a twisted hand axe
  2464 | Abyss:1  | Noticed a sun demon
  2465 | Abyss:1  | Noticed a fire bat
  2469 | Abyss:1  | Mangled by a sun demon

Levels and vault maps discovered:
D:1:      ldierk_walled_garden_2, layout_basic, fountainhead, minmay_quantized
D:2:      layout_basic, uniq_natasha
D:3:      layout_rooms, st_stairs_8, minmay_misc_feat_square,
          minmay_quadrilaterals
Abyss:1:  evilmike_abyss_exit_vortex

Skill      XL: |  1  2  3  4  5 |
---------------+----------------+-----
Fighting       | 4 |  4.6
Maces & Flails | 3 4 |  4.5
Armour         | |  3.7
Shields        | |  3.6

Action                   |  1- 3 |  4- 6 || total
-------------------------+-------+-------++-------
Melee: Flail             |   157 |   153 ||   310
  Use: Scroll            |       |     5 ||     5
       Potion            |       |     1 ||     1
  Eat: Chunk             |     1 |     4 ||     5
Armor: Scale mail        |    92 |    68 ||   160
Dodge: Dodged            |    52 |    52 ||   104
Block: Shield            |    99 |    72 ||   171
